 Dungeon Crawl Stone Soup version 0.30-a0-123-g91d0c66ccf (webtiles) character file.

Game seed: 4247072049997595095

5254 jasper the Carver (level 10, -2/60 HPs)
             Began as a Tengu Berserker on Sept 17, 2022.
             Was an Elder of Trog.
             Slain by a large slime creature (34 damage)
             ... on level 8 of the Dungeon.
             The game lasted 00:20:31 (8288 turns).

jasper the Carver (Tengu Berserker)                 Turns: 8288, Time: 00:20:32

Health: -2/60      AC: 17    Str: 17    XL:     10   Next: 62%
Magic:  11/11      EV: 12    Int:  9    God:    Trog [****..]
Gold:   378        SH:  0    Dex: 23    Spells: 9/9 levels left

rFire   . . .      SeeInvis .    K - +3 long sword (freeze)
rCold   . . .      Faith    .    (no shield)
rNeg    . . .      Spirit   .    p - +3 chain mail {Will+}
rPois   .          Reflect  .    (helmet restricted)
rElec   .          Harm     .    (no cloak)
rCorr   .          Rampage  .    (no gloves)
Will    +....                    (boots unavailable)
Stlth   ..........               (no amulet)
HPRegen 0.20/turn                s - +4 ring of protection
MPRegen 0.12/turn                t - +6 ring of dexterity

@: flying quickly and evasively, quick
A: beak, talons 3, nimble flight
a: Renounce Religion, Berserk, Trog's Hand, Brothers in Arms


You were on level 8 of the Dungeon.
You worshipped Trog.
Trog was greatly pleased with you.
You visited 1 branch of the dungeon, and saw 8 of its levels.

You collected 378 gold pieces.

Inventory:

Hand Weapons
 a - a +0 falchion
 x - a +1 long sword
 C - a +4 long sword
 D - a +0 great sword
 K - a +3 long sword of freezing (weapon)
Missiles
 o - 54 stones (quivered)
 y - 4 javelins
Armour
 b - a +0 animal skin
 c - a +0 ring mail
 p - a +3 chain mail of willpower (worn)
 z - a +0 kite shield
Jewellery
 k - a ring of willpower
 s - a +4 ring of protection (left hand)
 t - a +6 ring of dexterity (right hand)
 u - a +6 ring of intelligence
 B - a ring of willpower
Wands
 m - a wand of iceblast (7)
 r - a wand of polymorph (5)
 J - a wand of mindburst (18)
Scrolls
 j - 4 scrolls of enchant armour
 l - 3 scrolls of summoning
 n - 2 scrolls of blinking
 F - a scroll of teleportation
 G - a scroll of enchant weapon
 I - a scroll of fear {unknown}
Potions
 d - 10 potions of curing
 e - 5 potions of brilliance
 f - a potion of haste
 g - a potion of heal wounds
 h - 5 potions of mutation
 i - a potion of attraction
 q - a potion of berserk rage {unknown}
 v - 2 potions of invisibility
 w - a potion of flight
 A - a potion of ambrosia
 E - a potion of cancellation
 H - a potion of magic {unknown}


   Skills:
 + Level 5.9 Fighting
 - Level 14.0 Long Blades
 + Level 6.0 Armour
 + Level 6.0 Dodging
 - Level 0.4 Evocations


You had 9 spell levels left.
You didn't know any spells.
Your spell library was empty.

Dungeon Overview and Level Annotations

Branches:
Dungeon (8/15)             Temple (0/1) D:7            Lair (0/5) D:8

Altars:
Xom
Yredelemnul
The Shining One

Shops:
D:4 [   D:6 (   D:7 :


Innate Abilities, Weirdness & Mutations

You have a beak for a mouth.
You have claws for feet.
Your magical nature lets you fly swiftly and evasively.


Message History

You slash the jelly! You freeze the jelly.
You kill the jelly!
Trog accepts your kill.
Your Dodging skill increases to level 6!
The jelly barely misses you.
You slash the jelly! You freeze the jelly.
You kill the jelly!
Trog accepts your kill. 2 slime creatures come into view.
The slime creature quivers. x2
The endoplasm freezes you.
You are frozen.
You take 4 damage, and have 54/60 hp.
Two slime creatures merge to form a large slime creature.
Things that are here:
a +0 whip; 5 poisoned darts
Things that are here:
a +0 whip; 5 poisoned darts You slice the large slime creature!!
You freeze the large slime creature. You claw the large slime creature.
You peck the large slime creature.
The large slime creature is moderately wounded.
The large slime creature jiggles.
The large slime creature hits you!!
Ouch! That really hurt!
You take 31 damage, and have 24/60 hp.
MASSIVE DAMAGE!!
You slash the large slime creature! You freeze the large slime creature.
You claw the large slime creature.
The large slime creature is heavily wounded.
The large slime creature hits you!
* * * LOW HITPOINT WARNING * * *
You take 17 damage, and have 7/60 hp.
MASSIVE DAMAGE!!
You hit the large slime creature but do no damage.
You claw the large slime creature.
The large slime creature is heavily wounded.
The large slime creature hits you.
* * * LOW HITPOINT WARNING * * *
You take 6 damage, and have 1/60 hp.
You feel much better. The large slime creature hits you!!
Ouch! That really hurt!
You die...

######.######......###
#.)..# #####.# ########
#....# #.....# ######
#....# #.##### ......#
######## ##.#.# #.#
P÷.P..'##......###.>#.#
#.# #J#.......##)##.#
#.# #J#...[....).##.#
#.# #J#........'..#.#
#.# #@#'#......'....#
#.# #.#.#.....##.##.#
#.# #.#.#....######)#
#.# ##.############[#
#.# ### #.....#
##.######## #####.#
.[........## #.#
...........# #.##
#.#.######.# #...


You could see a large slime creature and 2 endoplasms.

Vanquished Creatures
  A sea snake (D:8)
  An unseen horror zombie (D:7)
  A troll (D:8)
  A wyvern (D:8)
  2 water moccasins (D:6)
  2 sky beasts (D:7)
  2 ice beasts (D:6)
  An orc warrior (D:8)
  A black bear (D:5)
  A centaur (D:5)
  A phantom (D:6)
  2 kobold brigands (D:8)
  2 bullfrogs
  2 necrophages
  A gnoll sergeant (D:7)
  2 scorpions
  12 wights
  A wyvern zombie (D:7)
  8 killer bees (D:8)
  4 crimson imps (D:3)
  2 bullfrog zombies (D:7)
  5 hounds
  8 orc priests
  4 centaur zombies (D:7)
  9 jellies
  2 iguanas
  A gnoll bouda (D:8)
  5 orc wizards
  Natasha (thrice) (D:4)
  9 gnolls
  10 adders
  A shadow imp (D:5)
  2 white imps (D:7)
  An ufetubus (D:7)
  A worm (D:2)
  2 dart slugs
  36 orcs
  4 ball pythons
  8 endoplasms
  3 giant cockroaches
  5 hobgoblins
  3 jackals
  5 kobolds
  6 quokkas
  2 bats (D:2)
  6 frilled lizards
  8 goblins
  10 rats
209 creatures vanquished.

Vanquished Creatures (others)
  4 fungi (D:8)
  10 toadstools (D:8)
14 creatures vanquished.

Grand Total: 223 creatures vanquished

Notes
Turn   | Place    | Note
-------+----------+-------------------------------------------
     0 | D:1      | jasper the Tengu Berserker began the quest for the Orb.
     0 | D:1      | Reached XP level 1. HP: 14/14 MP: 2/2
   173 | D:1      | Reached XP level 2. HP: 19/19 MP: 3/3
   190 | D:1      | Reached skill level 4 in Long Blades
   839 | D:2      | Reached XP level 3. HP: 23/23 MP: 4/4
   949 | D:2      | Found a faded altar of an unknown god.
  1267 | D:2      | Reached skill level 5 in Long Blades
  1619 | D:3      | Reached ** piety under Trog
  1707 | D:3      | Noticed a necrophage
  1710 | D:3      | Reached XP level 4. HP: 28/28 MP: 5/5
  1717 | D:3      | Killed a necrophage
  1718 | D:3      | Reached skill level 6 in Long Blades
  1718 | D:3      | Gained mutation: Your magical nature lets you fly swiftly
                  | and evasively. [Tengu growth]
  1718 | D:3      | Reached XP level 5. HP: 32/32 MP: 6/6
  2021 | D:3      | Found a shimmering altar of Xom.
  2031 | D:3      | Reached skill level 7 in Long Blades
  2031 | D:3      | Reached XP level 6. HP: 37/37 MP: 7/7
  2647 | D:4      | Noticed Natasha
  2657 | D:4      | Killed Natasha
  2658 | D:4      | Reached skill level 8 in Long Blades
  2828 | D:4      | Found Daixkax's Armour Emporium.
  2872 | D:4      | Reached XP level 7. HP: 33/41 MP: 8/8
  2970 | D:4      | Noticed Natasha
  2977 | D:4      | Killed Natasha
  3126 | D:4      | Noticed Natasha
  3137 | D:4      | Killed Natasha
  3518 | D:5      | Entered Level 5 of the Dungeon
  3535 | D:5      | Reached skill level 9 in Long Blades
  4276 | D:5      | Reached skill level 10 in Long Blades
  4355 | D:5      | Reached *** piety under Trog
  4356 | D:5      | Reached XP level 8. HP: 33/46 MP: 9/9
  4680 | D:6      | Reached skill level 11 in Long Blades
  4954 | D:6      | Reached skill level 12 in Long Blades
  5020 | D:6      | Reached XP level 9. HP: 50/50 MP: 10/10
  5070 | D:6      | Reached skill level 13 in Long Blades
  5196 | D:6      | Found Diguj's Weapon Shop.
  5528 | D:7      | Found a staircase to the Ecumenical Temple.
  6412 | D:7      | Reached skill level 14 in Long Blades
  6472 | D:7      | Found Neram's Book Shoppe.
  6593 | D:7      | Reached **** piety under Trog
  6931 | D:7      | Found a basalt altar of Yredelemnul.
  7089 | D:8      | Noticed a two-headed ogre
  7090 | D:8      | Noticed a troll
  7091 | D:8      | Noticed a wolf spider
  7091 | D:8      | a two-headed ogre changed into a wolf spider
  7092 | D:8      | Noticed a sea snake
  7092 | D:8      | a wolf spider changed into a sea snake
  7100 | D:8      | Killed a sea snake
  7101 | D:8      | Reached XP level 10. HP: 58/58 MP: 11/11
  7104 | D:8      | Reached skill level 5 in Fighting
  7171 | D:8      | Reached skill level 5 in Armour
  7256 | D:8      | Reached skill level 5 in Dodging
  7259 | D:8      | Found a staircase to the Lair.
  7670 | D:8      | Found a glowing golden altar of the Shining One.
  8287 | D:8      | HP: 1/60 [large slime creature (6)]
  8288 | D:8      | Slain by a large slime creature

Illustrated notes

Levels and vault maps discovered:
D:1:      amcnicky_arrival_single_pillar, layout_rooms, serial_park_tiny_1,
          minivault_5
D:2:      layout_basic, ebering_ecumenical_altar_mist
D:3:      kennysheep_big_flooded_room, layout_rooms, led_xom_imps,
          gup_sewer_entry_bubbles
D:4:      layout_basic, serial_shops, nicolae_shop_hallway_plus,
          bh_walls_and_bars, uniq_natasha
D:5:      layout_loops_corners, minmay_misc_feat_columns
D:6:      layout_basic, serial_shops, nicolae_shop_bloodbath_and_beyond,
          nicolae_concentric_dashed_squares_wild, grunt_ministairs_4
D:7:      nicolae_cairo_tiling_very_big, layout_loops_corners,
          nicolae_yredelemnul_corpse_copse, minmay_temple_entry_butterflies,
          serial_shops, shop
D:8:      cheibrodos_fertilizer, layout_loops_ring, tso_altar, lair_entry_dummy,
          minmay_misc_feat_chi, columned_hall_lemuel

Skill      XL: |  1  2  3  4  5  6  7  8  9 10 |
---------------+-------------------------------+-----
Long Blades    | 4 5 6 7 8 10 12 14 | 14.0
Armour         | 4 6 |  6.0
Dodging        | 4 6 |  6.0
Fighting       | 4 5 |  5.9
Evocations     | |  0.4

Action                   |  1- 3 |  4- 6 |  7- 9 | 10-12 || total
-------------------------+-------+-------+-------+-------++-------
Melee: Falchion          |    84 |    28 |       |       ||   112
       Kick              |    13 |    23 |    78 |    22 ||   136
       Peck              |    13 |    16 |    44 |    26 ||    99
       Long sword        |       |    68 |   256 |   101 ||   425
       Punch             |       |     1 |     2 |       ||     3
Throw: Stone             |     5 |       |    22 |       ||    27
Invok: Berserk           |     4 |     1 |     5 |       ||    10
       Trog's Hand       |       |     1 |     4 |       ||     5
Evoke: Wand              |       |       |     3 |       ||     3
  Use: Scroll            |       |     8 |    13 |       ||    21
       Potion            |       |       |     1 |     1 ||     2
Armor: Ring mail         |    12 |       |       |       ||    12
       Chain mail        |    19 |    35 |    99 |    27 ||   180
Dodge: Dodged            |    39 |    32 |    94 |    46 ||   211

Table legend: (Time is in decaauts)
 A = Elapsed time spent in this place.
 B = Non-inter-level travel time spent in this place.
 C = Inter-level travel time spent in this place.
 D = Time resting spent in this place.
 E = Time spent auto-exploring this place.
 F = Levels seen in this place.
 G = Mean time per level.
                   A        B        C        D        E       F      G
               +--------+--------+--------+--------+--------+-----+--------+
         Total |   7902 |   7741 |    161 |    671 |   5451 |   8 |  987.8 |
       Dungeon |   7902 |   7741 |    161 |    671 |   5451 |   8 |  987.8 |
               +--------+--------+--------+--------+--------+-----+--------+

Top non-repeatable levels by time:
     D:7: 1429 daAuts
     D:8: 1143 daAuts
     D:5: 1041 daAuts
     D:4: 896 daAuts
     D:2: 891 daAuts
     D:1: 847 daAuts
     D:6: 829 daAuts
     D:3: 823 daAuts
